[ AOE2 MATCH · #482031383 ]
Team RMChinese vs Wei
[ REPLAY ANALYSIS · EXTRACTED FROM THE RECORDED GAME ]
Feudal
12:09
Castle
19:49
Imperial
35:18
| APM avg | 31.5 |
| APM peak | 62 |
| eAPM avg | 23.8 |
| Villagers / military | 132 / 283 |
Focus
⚔️ 47.8% · 🌾 52.2%
Fire Lancer ×146 · Scout Cavalry ×37 · Archer ×29 · Spearman ×26 · Militia ×24 · Battering Ram ×8
Feudal
—
Castle
—
Imperial
—
| APM avg | 20.9 |
| APM peak | 63 |
| eAPM avg | 14.6 |
| Villagers / military | 122 / 138 |
Focus
⚔️ 40.8% · 🌾 59.2%
Archer ×86 · War Elephant ×25 · Scout Cavalry ×18 · Knight ×8 · Trebuchet (Packed) ×1
Feudal
9:08
Castle
21:33
Imperial
46:47
| APM avg | 40.7 |
| APM peak | 83 |
| eAPM avg | 15.3 |
| Villagers / military | 189 / 131 |
Focus
⚔️ 29.4% · 🌾 70.6%
Mangudai ×72 · Scout Cavalry ×53 · Spearman ×3 · Trebuchet (Packed) ×3
Feudal
11:27
Castle
16:51
Imperial
46:54
| APM avg | 30.0 |
| APM peak | 60 |
| eAPM avg | 13.9 |
| Villagers / military | 119 / 0 |
Focus
⚔️ 26.2% · 🌾 73.8%
Unknown (1949) ×173 · Unknown (1942) ×9
Feudal
9:30
Castle
28:01
Imperial
50:59
| APM avg | 21.1 |
| APM peak | 49 |
| eAPM avg | 12.1 |
| Villagers / military | 132 / 126 |
Focus
⚔️ 25.4% · 🌾 74.6%
Knight ×106 · Spearman ×10 · Scout Cavalry ×10
Feudal
9:52
Castle
24:20
Imperial
42:52
| APM avg | 26.0 |
| APM peak | 56 |
| eAPM avg | 16.3 |
| Villagers / military | 159 / 249 |
Focus
⚔️ 27.5% · 🌾 72.5%
Militia ×178 · Scorpion ×42 · Spearman ×7 · Skirmisher ×7 · Battering Ram ×6 · Trebuchet (Packed) ×6
Match map
Initial resources + every placement click. Lines = walls · curves = elevation contours. ◆ gold · ⬟ stone · ● berries · ✦ relic · ◌ wall gap
Your base· ✓ Closed at 19:49 · 88t walls · 7 gate(s)
hidalgo220's base· Open — unwalled flank
Fatal's base· Open — 1t gap
Doorbell's base· ✓ Closed at 16:51 · 37t walls · no gate
Chaviux's base· ✓ Closed at 28:01 · 47t walls · no gate
Skulldragon1551's base· Open — 7t gap
Smoothed initial terrain · ◌ = detected wall gap · hover for details
Inputs per minute
— rakz - - hidalgo220
Build order — rakz
First 150 of 592 actions detected
| 0:03 | Research | Loom |
| 0:47 | Create | Villager (Male) |
| 0:48 | Create | Villager (Male) |
| 1:19 | Create | Villager (Male) |
| 1:19 | Create | Villager (Male) |
| 1:41 | Create | Villager (Male) |
| 1:41 | Create | Villager (Male) |
| 1:56 | Build | Lumber Camp |
| 2:11 | Create | Villager (Male) |
| 2:12 | Create | Villager (Male) |
| 2:28 | Create | Villager (Male) |
| 2:29 | Create | Villager (Male) |
| 2:54 | Build | House |
| 2:57 | Build | House |
| 3:02 | Create | Villager (Male) |
| 3:02 | Create | Villager (Male) |
| 3:25 | Create | Villager (Male) |
| 3:25 | Create | Villager (Male) |
| 3:25 | Create | Villager (Male) |
| 3:40 | Build | House |
| 3:43 | Build | House |
| 3:50 | Create | Villager (Male) |
| 3:50 | Create | Villager (Male) |
| 4:19 | Create | Villager (Male) |
| 4:19 | Create | Villager (Male) |
| 4:20 | Create | Villager (Male) |
| 4:24 | Build | Palisade Gate |
| 4:28 | Build | House |
| 4:38 | Create | Villager (Male) |
| 4:39 | Create | Villager (Male) |
| 5:09 | Create | Villager (Male) |
| 5:09 | Create | Villager (Male) |
| 5:20 | Build | Palisade Wall |
| 5:28 | Create | Villager (Male) |
| 5:28 | Create | Villager (Male) |
| 5:28 | Create | Villager (Male) |
| 5:34 | Build | Palisade Wall |
| 6:02 | Create | Villager (Male) |
| 6:02 | Create | Villager (Male) |
| 6:08 | Build | Mill |
| 6:29 | Build | Palisade Gate |
| 6:35 | Build | Palisade Wall |
| 6:42 | Create | Villager (Male) |
| 6:42 | Create | Villager (Male) |
| 7:00 | Create | Villager (Male) |
| 7:00 | Create | Villager (Male) |
| 7:00 | Create | Villager (Male) |
| 7:11 | Build | Palisade Wall |
| 7:20 | Build | Palisade Gate |
| 7:23 | Build | House |
| 7:24 | Build | House |
| 7:25 | Build | House |
| 7:37 | Create | Villager (Male) |
| 7:37 | Create | Villager (Male) |
| 7:38 | Create | Villager (Male) |
| 8:04 | Create | Villager (Male) |
| 8:09 | Build | Mill |
| 8:30 | Build | Palisade Wall |
| 8:39 | Create | Villager (Male) |
| 8:54 | Build | House |
| 8:55 | Build | House |
| 8:57 | Build | House |
| 9:10 | Create | Villager (Male) |
| 9:59 | Research | Feudal Age |
| 10:13 | Build | Palisade Wall |
| 10:21 | Build | Farm |
| 10:21 | Build | Farm |
| 10:21 | Build | Farm |
| 10:22 | Build | Farm |
| 10:22 | Build | Farm |
| 10:22 | Build | Farm |
| 10:22 | Build | Farm |
| 10:32 | Create | Villager (Male) |
| 10:49 | Build | Farm |
| 10:50 | Build | Farm |
| 11:02 | Build | Palisade Wall |
| 11:08 | Build | Palisade Gate |
| 11:16 | Build | Palisade Gate |
| 11:26 | Build | Palisade Wall |
| 11:42 | Build | Palisade Gate |
| 11:58 | Build | Mining Camp |
| 12:09 | Age | Feudal Age |
| 12:12 | Create | Villager (Male) |
| 12:30 | Research | Double-Bit Axe |
| 12:43 | Create | Villager (Male) |
| 12:54 | Build | Palisade Wall |
| 13:15 | Create | Villager (Male) |
| 13:26 | Build | Palisade Wall |
| 13:36 | Build | Mining Camp |
| 13:38 | Create | Villager (Male) |
| 13:48 | Build | Blacksmith |
| 13:54 | Build | Stone Wall |
| 14:06 | Create | Villager (Male) |
| 14:12 | Build | Market |
| 14:32 | Create | Villager (Male) |
| 14:46 | Create | Villager (Male) |
| 15:12 | Build | Farm |
| 15:13 | Build | Farm |
| 15:13 | Build | Farm |
| 15:13 | Build | Farm |
| 15:13 | Build | Farm |
| 15:14 | Build | Farm |
| 15:16 | Create | Villager (Male) |
| 15:22 | Build | Gate |
| 15:27 | Build | Stone Wall |
| 15:34 | Create | Villager (Male) |
| 15:39 | Build | Barracks |
| 15:53 | Build | Gate |
| 16:04 | Create | Villager (Male) |
| 16:31 | Build | Farm |
| 16:33 | Build | Farm |
| 16:34 | Build | Farm |
| 16:37 | Create | Villager (Male) |
| 16:53 | Build | Gate |
| 17:08 | Research | Castle Age |
| 17:30 | Build | Barracks |
| 17:33 | Build | Barracks |
| 17:41 | Research | Forging |
| 18:06 | Research | Gold Mining |
| 18:17 | Research | Arson |
| 18:39 | Build | Lumber Camp |
| 18:46 | Research | Scale Mail Armor |
| 19:49 | Age | Castle Age |
| 19:50 | Research | Horse Collar |
| 19:53 | Create | Fire Lancer |
| 19:53 | Create | Fire Lancer |
| 19:54 | Create | Fire Lancer |
| 20:01 | Create | Fire Lancer |
| 20:02 | Create | Fire Lancer |
| 20:15 | Build | Town Center |
| 20:18 | Create | Villager (Male) |
| 20:18 | Create | Villager (Male) |
| 20:23 | Research | Bow Saw |
| 20:26 | Research | Heavy Plow |
| 20:33 | Create | Fire Lancer |
| 20:33 | Create | Fire Lancer |
| 20:54 | Create | Villager (Male) |
| 21:32 | Research | Iron Casting |
| 21:35 | Create | Fire Lancer |
| 21:36 | Create | Fire Lancer |
| 21:36 | Create | Fire Lancer |
| 21:51 | Create | Villager (Male) |
| 21:51 | Create | Villager (Male) |
| 21:51 | Create | Villager (Male) |
| 21:58 | Build | Monastery |
| 22:19 | Create | Fire Lancer |
| 22:50 | Create | Villager (Male) |
| 22:53 | Create | Villager (Male) |
| 22:54 | Create | Villager (Male) |
| 23:09 | Create | Fire Lancer |
Build order — hidalgo220
First 150 of 445 actions detected
| 0:01 | Create | Villager (Male) |
| 0:01 | Create | Villager (Male) |
| 0:01 | Create | Villager (Male) |
| 0:01 | Create | Villager (Male) |
| 0:04 | Build | House |
| 0:06 | Build | House |
| 0:29 | Create | Villager (Male) |
| 0:29 | Create | Villager (Male) |
| 1:32 | Create | Villager (Male) |
| 1:32 | Create | Villager (Male) |
| 2:01 | Create | Villager (Male) |
| 2:19 | Create | Villager (Male) |
| 2:49 | Create | Villager (Male) |
| 3:15 | Build | Lumber Camp |
| 3:16 | Create | Villager (Male) |
| 3:38 | Create | Villager (Male) |
| 3:47 | Build | House |
| 4:20 | Create | Villager (Male) |
| 4:21 | Create | Villager (Male) |
| 4:21 | Create | Villager (Male) |
| 5:30 | Create | Villager (Male) |
| 5:31 | Create | Villager (Male) |
| 5:31 | Create | Villager (Male) |
| 5:59 | Build | Mill |
| 6:12 | Research | Loom |
| 6:36 | Research | Feudal Age |
| 7:38 | Build | Barracks |
| 7:46 | Build | Barracks |
| 7:58 | Build | House |
| 8:14 | Create | Villager (Male) |
| 8:14 | Create | Villager (Male) |
| 8:46 | Build | Archery Range |
| 9:15 | Build | House |
| 9:22 | Create | Villager (Male) |
| 9:26 | Build | Farm |
| 9:26 | Build | Farm |
| 9:27 | Build | Farm |
| 9:44 | Create | Archer |
| 9:44 | Create | Archer |
| 9:53 | Build | Mining Camp |
| 10:00 | Create | Villager (Male) |
| 10:01 | Create | Villager (Male) |
| 10:11 | Research | Double-Bit Axe |
| 10:55 | Create | Archer |
| 10:58 | Build | Farm |
| 11:08 | Build | Blacksmith |
| 11:21 | Create | Villager (Male) |
| 11:21 | Create | Villager (Male) |
| 11:38 | Create | Villager (Male) |
| 11:46 | Create | Villager (Male) |
| 11:53 | Create | Archer |
| 12:29 | Create | Villager (Male) |
| 12:38 | Build | House |
| 12:41 | Create | Villager (Male) |
| 12:46 | Build | House |
| 12:51 | Build | House |
| 12:53 | Create | Archer |
| 13:52 | Build | Farm |
| 13:53 | Build | Farm |
| 13:55 | Create | Villager (Male) |
| 14:24 | Create | Archer |
| 14:24 | Create | Archer |
| 14:29 | Build | House |
| 14:32 | Research | Forging |
| 14:37 | Create | Villager (Male) |
| 14:38 | Create | Villager (Male) |
| 14:48 | Create | Villager (Male) |
| 14:48 | Create | Villager (Male) |
| 15:12 | Build | House |
| 15:13 | Create | Villager (Male) |
| 15:20 | Research | Fletching |
| 15:21 | Create | Villager (Male) |
| 16:29 | Create | Villager (Male) |
| 16:35 | Create | Villager (Male) |
| 16:35 | Create | Villager (Male) |
| 16:54 | Create | Villager (Male) |
| 16:54 | Create | Villager (Male) |
| 17:05 | Build | Farm |
| 17:05 | Build | Farm |
| 17:05 | Build | Farm |
| 17:06 | Build | Farm |
| 17:06 | Build | Farm |
| 17:06 | Build | Farm |
| 17:06 | Build | Farm |
| 17:07 | Build | Farm |
| 17:18 | Build | Palisade Wall |
| 18:08 | Build | Palisade Wall |
| 18:37 | Build | Palisade Wall |
| 18:56 | Build | Palisade Wall |
| 19:21 | Build | Palisade Wall |
| 19:24 | Create | Villager (Male) |
| 19:24 | Create | Villager (Male) |
| 19:35 | Build | Market |
| 19:48 | Create | Villager (Male) |
| 20:10 | Research | Castle Age |
| 20:19 | Build | Farm |
| 20:23 | Build | Farm |
| 20:23 | Build | Farm |
| 20:57 | Build | Palisade Wall |
| 21:06 | Build | Barracks |
| 21:23 | Build | House |
| 21:40 | Build | House |
| 21:43 | Build | House |
| 21:46 | Create | Villager (Male) |
| 21:47 | Create | Villager (Male) |
| 21:56 | Build | House |
| 22:04 | Create | Villager (Male) |
| 22:12 | Build | Stable |
| 22:33 | Research | Gold Mining |
| 22:40 | Research | Bodkin Arrow |
| 22:42 | Research | Padded Archer Armor |
| 22:46 | Research | Crossbowman (upgrade) |
| 22:47 | Create | Villager (Male) |
| 23:06 | Build | Town Center |
| 23:41 | Create | Archer |
| 23:42 | Create | Archer |
| 23:42 | Create | Archer |
| 23:42 | Create | Archer |
| 23:59 | Research | Leather Archer Armor |
| 24:13 | Build | Palisade Wall |
| 24:15 | Create | Villager (Male) |
| 24:18 | Create | Archer |
| 24:47 | Create | Villager (Male) |
| 24:49 | Create | Villager (Male) |
| 24:50 | Create | Villager (Male) |
| 25:03 | Create | Villager (Male) |
| 25:04 | Create | Villager (Male) |
| 25:09 | Create | Villager (Male) |
| 25:10 | Create | Villager (Male) |
| 25:15 | Build | Farm |
| 25:19 | Create | Archer |
| 25:38 | Build | Palisade Gate |
| 25:41 | Create | Villager (Male) |
| 25:42 | Create | Villager (Male) |
| 25:56 | Create | Villager (Male) |
| 25:57 | Create | Villager (Male) |
| 26:08 | Create | Villager (Male) |
| 26:08 | Create | Villager (Male) |
| 26:15 | Research | Bow Saw |
| 26:25 | Build | Archery Range |
| 26:26 | Build | Archery Range |
| 26:27 | Build | Archery Range |
| 26:29 | Create | Villager (Male) |
| 26:30 | Create | Villager (Male) |
| 26:37 | Create | Villager (Male) |
| 27:07 | Build | Castle |
| 27:12 | Create | Villager (Male) |
| 27:21 | Create | Archer |
| 27:22 | Create | Archer |
| 27:22 | Create | Archer |
Build order — Fatal
First 150 of 456 actions detected
| 0:01 | Create | Villager (Male) |
| 0:01 | Create | Villager (Male) |
| 0:01 | Create | Villager (Male) |
| 0:04 | Build | House |
| 0:06 | Build | House |
| 0:33 | Create | Villager (Male) |
| 1:32 | Create | Villager (Male) |
| 2:05 | Build | Lumber Camp |
| 2:44 | Create | Villager (Male) |
| 2:45 | Create | Villager (Male) |
| 2:45 | Create | Villager (Male) |
| 3:33 | Create | Villager (Male) |
| 3:34 | Create | Villager (Male) |
| 4:15 | Create | Villager (Male) |
| 4:28 | Build | House |
| 4:35 | Create | Villager (Male) |
| 4:38 | Build | Mill |
| 5:13 | Create | Villager (Male) |
| 5:21 | Create | Villager (Male) |
| 5:51 | Create | Villager (Male) |
| 6:12 | Create | Villager (Male) |
| 6:33 | Research | Loom |
| 6:39 | Research | Feudal Age |
| 7:32 | Create | Villager (Male) |
| 7:45 | Build | House |
| 7:50 | Create | Villager (Male) |
| 8:55 | Build | Barracks |
| 9:08 | Age | Feudal Age |
| 9:37 | Build | Stable |
| 9:46 | Create | Villager (Male) |
| 9:51 | Build | House |
| 10:18 | Create | Villager (Male) |
| 10:19 | Create | Scout Cavalry |
| 10:19 | Create | Scout Cavalry |
| 10:37 | Create | Villager (Male) |
| 10:56 | Create | Villager (Male) |
| 10:57 | Create | Scout Cavalry |
| 11:21 | Create | Villager (Male) |
| 11:24 | Create | Spearman |
| 11:29 | Create | Villager (Male) |
| 11:31 | Create | Scout Cavalry |
| 11:55 | Build | Blacksmith |
| 12:02 | Build | Farm |
| 12:03 | Build | Farm |
| 12:04 | Build | Farm |
| 12:04 | Build | Farm |
| 12:10 | Build | House |
| 12:11 | Build | House |
| 12:17 | Build | House |
| 12:19 | Build | House |
| 12:24 | Build | Palisade Wall |
| 12:26 | Build | House |
| 12:30 | Build | House |
| 12:39 | Research | Double-Bit Axe |
| 12:43 | Create | Scout Cavalry |
| 12:46 | Research | Scale Barding Armor |
| 13:16 | Build | House |
| 13:17 | Build | House |
| 13:23 | Build | Palisade Wall |
| 13:25 | Build | Palisade Wall |
| 13:31 | Create | Scout Cavalry |
| 13:35 | Create | Villager (Male) |
| 13:35 | Create | Villager (Male) |
| 13:46 | Build | House |
| 13:49 | Build | House |
| 13:50 | Build | House |
| 13:57 | Build | House |
| 14:33 | Create | Villager (Male) |
| 14:34 | Create | Villager (Male) |
| 14:38 | Build | Farm |
| 14:39 | Build | Farm |
| 14:39 | Build | Farm |
| 15:06 | Create | Villager (Male) |
| 15:18 | Build | Farm |
| 15:28 | Build | Market |
| 15:32 | Build | Market |
| 15:35 | Build | Palisade Wall |
| 15:41 | Create | Villager (Male) |
| 15:50 | Build | Farm |
| 16:18 | Build | Mining Camp |
| 16:21 | Create | Villager (Male) |
| 16:21 | Create | Villager (Male) |
| 16:36 | Build | Farm |
| 16:37 | Build | Farm |
| 16:43 | Create | Villager (Male) |
| 16:48 | Build | Farm |
| 17:29 | Create | Villager (Male) |
| 18:21 | Create | Villager (Male) |
| 18:22 | Create | Villager (Male) |
| 18:27 | Build | Farm |
| 18:44 | Create | Villager (Male) |
| 18:53 | Research | Castle Age |
| 21:24 | Create | Villager (Male) |
| 21:31 | Create | Villager (Male) |
| 21:33 | Age | Castle Age |
| 21:36 | Build | Town Center |
| 21:39 | Create | Spearman |
| 21:40 | Create | Spearman |
| 22:21 | Create | Villager (Male) |
| 23:13 | Build | House |
| 23:16 | Create | Villager (Male) |
| 23:24 | Research | Light Cavalry (upgrade) |
| 24:34 | Build | Town Center |
| 24:36 | Create | Villager (Male) |
| 24:37 | Create | Villager (Male) |
| 24:37 | Create | Villager (Male) |
| 24:37 | Create | Villager (Male) |
| 24:40 | Research | Bow Saw |
| 24:52 | Create | Villager (Male) |
| 24:52 | Create | Villager (Male) |
| 25:42 | Create | Villager (Male) |
| 25:42 | Create | Villager (Male) |
| 25:43 | Create | Villager (Male) |
| 25:44 | Create | Villager (Male) |
| 26:08 | Build | Town Center |
| 26:12 | Build | Farm |
| 26:14 | Create | Villager (Male) |
| 26:15 | Create | Villager (Male) |
| 26:16 | Create | Villager (Male) |
| 26:17 | Research | Chain Barding Armor |
| 26:20 | Create | Scout Cavalry |
| 26:31 | Build | Stable |
| 26:33 | Build | Stable |
| 26:42 | Build | Farm |
| 26:44 | Build | Farm |
| 26:52 | Create | Villager (Male) |
| 26:52 | Create | Villager (Male) |
| 26:52 | Create | Villager (Male) |
| 26:53 | Create | Villager (Male) |
| 26:53 | Create | Villager (Male) |
| 27:14 | Create | Villager (Male) |
| 27:27 | Create | Villager (Male) |
| 27:27 | Create | Villager (Male) |
| 27:29 | Create | Villager (Male) |
| 27:29 | Create | Villager (Male) |
| 27:45 | Build | Farm |
| 27:45 | Build | Farm |
| 27:46 | Build | Farm |
| 27:49 | Build | Farm |
| 27:50 | Build | Farm |
| 27:55 | Build | Farm |
| 28:03 | Research | Horse Collar |
| 28:05 | Create | Villager (Male) |
| 28:05 | Create | Villager (Male) |
| 28:06 | Create | Villager (Male) |
| 28:21 | Create | Villager (Male) |
| 28:21 | Create | Villager (Male) |
| 28:27 | Build | Farm |
| 28:42 | Build | Farm |
| 29:10 | Create | Villager (Male) |
Build order — Doorbell
First 150 of 262 actions detected
| 0:00 | Create | Villager (Male) ×4 |
| 0:02 | Build | House |
| 0:03 | Build | House |
| 1:33 | Create | Villager (Male) |
| 1:54 | Build | Lumber Camp |
| 1:59 | Create | Villager (Male) |
| 2:00 | Create | Villager (Male) |
| 2:18 | Create | Villager (Male) |
| 2:55 | Create | Villager (Male) |
| 2:56 | Create | Villager (Male) |
| 3:07 | Create | Villager (Male) |
| 3:20 | Build | House |
| 3:52 | Create | Villager (Male) |
| 4:19 | Create | Villager (Male) |
| 4:19 | Create | Villager (Male) |
| 4:22 | Build | House |
| 4:59 | Build | Mill |
| 5:09 | Create | Villager (Male) |
| 5:10 | Create | Villager (Male) |
| 5:32 | Create | Villager (Male) |
| 5:43 | Create | Villager (Male) |
| 6:04 | Create | Villager (Male) |
| 6:51 | Create | Villager (Male) |
| 7:55 | Create | Villager (Male) |
| 7:55 | Create | Villager (Male) |
| 8:00 | Build | Farm |
| 8:01 | Build | Farm |
| 8:04 | Build | Farm |
| 8:11 | Create | Villager (Male) |
| 9:14 | Create | Villager (Male) |
| 9:17 | Research | Feudal Age |
| 9:35 | Build | Mining Camp |
| 10:07 | Build | House |
| 10:16 | Build | House |
| 10:20 | Build | Palisade Wall |
| 10:40 | Build | Palisade Wall |
| 10:55 | Build | House |
| 10:59 | Build | Palisade Wall |
| 11:02 | Build | Palisade Wall |
| 11:12 | Build | Mining Camp |
| 11:16 | Build | House |
| 11:19 | Build | Palisade Wall |
| 11:27 | Age | Feudal Age |
| 11:32 | Create | Villager (Male) |
| 11:33 | Create | Villager (Male) |
| 11:54 | Create | Villager (Male) |
| 12:06 | Build | Blacksmith |
| 12:30 | Build | House |
| 12:38 | Build | Palisade Wall |
| 12:42 | Build | Farm |
| 12:54 | Build | Market |
| 13:02 | Build | Farm |
| 13:22 | Build | Palisade Wall |
| 13:44 | Build | Farm |
| 13:46 | Research | Loom |
| 13:47 | Research | Castle Age |
| 13:54 | Build | House |
| 13:57 | Build | Palisade Wall |
| 14:00 | Build | Farm |
| 14:23 | Build | Palisade Wall |
| 15:13 | Build | Farm |
| 15:14 | Research | Double-Bit Axe |
| 15:15 | Create | Villager (Male) |
| 15:18 | Create | Villager (Male) |
| 15:39 | Build | Palisade Wall |
| 15:53 | Build | Farm |
| 15:54 | Build | Farm |
| 15:57 | Build | Farm |
| 16:45 | Research | Horse Collar |
| 16:51 | Age | Castle Age |
| 17:18 | Create | Villager (Male) |
| 17:22 | Research | Bow Saw |
| 17:53 | Build | Castle |
| 18:02 | Create | Villager (Male) |
| 18:40 | Create | Villager (Male) |
| 18:40 | Create | Villager (Male) |
| 19:11 | Build | Town Center |
| 19:18 | Create | Villager (Male) |
| 19:50 | Create | Villager (Male) |
| 19:58 | Create | Unit 1949 ×5 |
| 20:32 | Build | Town Center |
| 20:40 | Build | Palisade Wall |
| 20:50 | Create | Villager (Male) ×5 |
| 21:40 | Research | Heavy Plow |
| 22:43 | Create | Villager (Male) ×5 |
| 22:49 | Build | Farm |
| 22:50 | Build | Farm |
| 22:50 | Build | Farm |
| 22:51 | Build | Farm |
| 22:51 | Build | Farm |
| 22:52 | Build | Farm |
| 23:11 | Build | Farm |
| 23:11 | Build | Farm |
| 23:12 | Build | Farm |
| 23:12 | Build | Farm |
| 23:13 | Build | Farm |
| 23:14 | Build | Farm |
| 23:23 | Create | Villager (Male) ×2 |
| 23:34 | Build | Farm |
| 24:16 | Create | Villager (Male) ×5 |
| 24:51 | Build | Farm |
| 24:54 | Build | Farm |
| 24:56 | Build | Farm |
| 25:06 | Create | Unit 1949 ×5 |
| 25:55 | Create | Unit 1949 ×5 |
| 26:06 | Create | Villager (Male) ×5 |
| 26:23 | Create | Villager (Male) ×2 |
| 26:29 | Build | Farm |
| 26:30 | Build | Farm |
| 26:33 | Build | Farm |
| 27:11 | Research | Scale Barding Armor |
| 27:21 | Create | Unit 1949 ×5 |
| 27:47 | Build | Barracks |
| 27:54 | Create | Unit 1949 ×5 |
| 28:17 | Create | Villager (Male) ×5 |
| 28:37 | Research | Forging |
| 28:57 | Build | Stable |
| 29:00 | Create | Villager (Male) ×5 |
| 29:32 | Build | Mining Camp |
| 29:48 | Create | Villager (Male) ×5 |
| 29:52 | Research | Wheelbarrow |
| 30:13 | Build | House |
| 30:14 | Build | House |
| 30:14 | Build | House |
| 30:14 | Build | House |
| 30:15 | Build | House |
| 30:16 | Build | House |
| 30:16 | Build | House |
| 30:16 | Build | House |
| 30:18 | Build | House |
| 30:19 | Build | House |
| 30:19 | Build | House |
| 30:31 | Research | Husbandry |
| 30:32 | Research | Bloodlines |
| 30:35 | Build | Farm |
| 31:17 | Create | Unit 1949 ×5 |
| 32:07 | Build | Mining Camp |
| 32:31 | Research | Chain Barding Armor |
| 32:32 | Research | Iron Casting |
| 32:55 | Create | Villager (Male) ×5 |
| 33:25 | Create | Villager (Male) ×5 |
| 33:38 | Build | Castle |
| 33:55 | Build | Castle |
| 34:08 | Create | Villager (Male) ×5 |
| 34:12 | Research | Gold Mining |
| 34:15 | Research | Stone Mining |
| 34:24 | Create | Villager (Male) ×5 |
| 34:29 | Build | Farm |
| 34:29 | Build | Farm |
| 34:39 | Build | Mining Camp |
Build order — Chaviux
First 150 of 358 actions detected
| 0:01 | Create | Villager (Male) |
| 0:02 | Build | House |
| 0:04 | Build | House |
| 0:06 | Create | Villager (Male) |
| 0:06 | Create | Villager (Male) |
| 0:33 | Create | Villager (Male) |
| 0:33 | Create | Villager (Male) |
| 1:43 | Create | Villager (Male) |
| 1:48 | Build | Lumber Camp |
| 2:08 | Create | Villager (Male) |
| 2:32 | Create | Villager (Male) |
| 3:20 | Create | Villager (Male) |
| 3:32 | Create | Villager (Male) |
| 4:08 | Create | Villager (Male) |
| 4:15 | Build | Mill |
| 4:39 | Build | House |
| 4:54 | Create | Villager (Male) |
| 5:15 | Create | Villager (Male) |
| 5:55 | Create | Villager (Male) |
| 6:13 | Create | Villager (Male) |
| 6:55 | Create | Villager (Male) |
| 7:16 | Research | Feudal Age |
| 7:58 | Build | Farm |
| 9:03 | Build | Barracks |
| 9:22 | Research | Loom |
| 9:30 | Age | Feudal Age |
| 9:33 | Create | Villager (Male) |
| 9:54 | Build | Farm |
| 10:04 | Build | Stable |
| 10:06 | Create | Villager (Male) |
| 10:14 | Build | Farm |
| 10:30 | Build | Farm |
| 10:58 | Build | Mill |
| 11:02 | Create | Scout Cavalry |
| 11:04 | Create | Scout Cavalry |
| 11:17 | Build | Farm |
| 11:33 | Create | Scout Cavalry |
| 11:45 | Build | Farm |
| 11:53 | Build | House |
| 11:54 | Build | House |
| 11:59 | Create | Villager (Male) |
| 12:11 | Build | Palisade Wall |
| 12:21 | Build | Palisade Wall |
| 12:25 | Create | Scout Cavalry |
| 12:27 | Create | Villager (Male) |
| 12:29 | Build | Farm |
| 12:40 | Build | Farm |
| 12:43 | Create | Villager (Male) |
| 13:16 | Create | Villager (Male) |
| 13:30 | Build | Blacksmith |
| 13:36 | Build | Farm |
| 14:21 | Create | Villager (Male) |
| 14:24 | Build | Farm |
| 14:37 | Build | Market |
| 14:43 | Build | Palisade Wall |
| 14:46 | Create | Villager (Male) |
| 15:08 | Build | Farm |
| 15:16 | Create | Villager (Male) |
| 15:30 | Create | Villager (Male) |
| 15:42 | Build | Farm |
| 15:51 | Create | Villager (Male) |
| 15:57 | Build | House |
| 16:03 | Build | House |
| 16:14 | Build | Palisade Wall |
| 16:27 | Build | Mining Camp |
| 16:29 | Create | Villager (Male) |
| 16:35 | Create | Scout Cavalry |
| 16:49 | Build | Palisade Wall |
| 16:55 | Build | Palisade Wall |
| 17:00 | Create | Villager (Male) |
| 17:21 | Build | House |
| 17:24 | Build | House |
| 17:31 | Create | Villager (Male) |
| 17:31 | Create | Villager (Male) |
| 17:40 | Research | Scale Barding Armor |
| 18:16 | Create | Scout Cavalry |
| 18:17 | Create | Scout Cavalry |
| 18:17 | Create | Scout Cavalry |
| 18:26 | Create | Scout Cavalry |
| 18:36 | Create | Spearman |
| 18:36 | Create | Spearman |
| 18:36 | Create | Spearman |
| 19:42 | Create | Villager (Male) |
| 20:02 | Build | Mill |
| 20:04 | Build | Farm |
| 20:07 | Build | Farm |
| 20:09 | Create | Villager (Male) |
| 20:19 | Create | Spearman |
| 20:19 | Create | Spearman |
| 20:45 | Build | Farm |
| 21:02 | Build | Mill |
| 21:03 | Build | Farm |
| 21:04 | Build | Farm |
| 21:05 | Build | Farm |
| 21:05 | Build | Farm |
| 21:06 | Build | Farm |
| 21:06 | Build | Farm |
| 21:07 | Build | Farm |
| 21:08 | Build | Farm |
| 21:08 | Build | Farm |
| 21:13 | Create | Villager (Male) |
| 21:13 | Create | Villager (Male) |
| 21:14 | Create | Villager (Male) |
| 21:27 | Build | Palisade Wall |
| 21:31 | Create | Villager (Male) |
| 21:31 | Create | Villager (Male) |
| 21:38 | Build | Farm |
| 21:52 | Create | Villager (Male) |
| 22:55 | Build | Farm |
| 22:57 | Build | Farm |
| 23:05 | Create | Villager (Male) |
| 23:13 | Build | Farm |
| 23:15 | Build | Farm |
| 23:16 | Build | Farm |
| 23:34 | Build | Farm |
| 23:44 | Research | Double-Bit Axe |
| 23:59 | Build | House |
| 25:21 | Research | Castle Age |
| 26:10 | Build | House |
| 27:47 | Build | Outpost |
| 27:51 | Create | Villager (Male) |
| 28:01 | Age | Castle Age |
| 28:06 | Create | Villager (Male) |
| 28:08 | Create | Knight |
| 28:08 | Create | Knight |
| 28:31 | Create | Villager (Male) |
| 28:44 | Create | Scout Cavalry |
| 28:47 | Create | Knight |
| 28:48 | Create | Knight |
| 29:24 | Build | Town Center |
| 29:30 | Create | Villager (Male) |
| 29:30 | Create | Villager (Male) |
| 29:56 | Create | Villager (Male) |
| 30:19 | Create | Villager (Male) |
| 30:19 | Create | Villager (Male) |
| 30:29 | Build | Mining Camp |
| 30:31 | Create | Villager (Male) |
| 30:32 | Create | Villager (Male) |
| 30:40 | Research | Chain Barding Armor |
| 30:42 | Research | Forging |
| 31:17 | Create | Villager (Male) |
| 31:20 | Create | Villager (Male) |
| 31:20 | Create | Villager (Male) |
| 31:48 | Create | Villager (Male) |
| 31:51 | Create | Villager (Male) |
| 32:26 | Create | Villager (Male) |
| 32:31 | Build | Mill |
| 32:32 | Build | Farm |
| 32:33 | Build | Farm |
| 32:36 | Build | Farm |
Build order — Skulldragon1551
First 150 of 418 actions detected
| 0:00 | Create | Villager (Male) |
| 0:01 | Create | Villager (Male) |
| 0:01 | Create | Villager (Male) |
| 0:05 | Build | House |
| 0:06 | Build | House |
| 0:50 | Create | Villager (Male) |
| 1:47 | Create | Villager (Male) |
| 1:50 | Build | Lumber Camp |
| 2:17 | Create | Villager (Male) |
| 2:17 | Create | Villager (Male) |
| 2:17 | Create | Villager (Male) |
| 3:41 | Create | Villager (Male) |
| 4:22 | Create | Villager (Male) |
| 4:23 | Create | Villager (Male) |
| 4:39 | Build | House |
| 4:42 | Build | Mill |
| 4:51 | Create | Villager (Male) |
| 5:34 | Create | Villager (Male) |
| 5:58 | Create | Villager (Male) |
| 5:59 | Create | Villager (Male) |
| 6:37 | Create | Villager (Male) |
| 7:15 | Research | Loom |
| 7:42 | Research | Feudal Age |
| 7:55 | Build | House |
| 8:18 | Build | Barracks |
| 8:21 | Create | Villager (Male) |
| 8:50 | Create | Villager (Male) |
| 9:19 | Create | Villager (Male) |
| 9:33 | Build | Palisade Wall |
| 9:52 | Age | Feudal Age |
| 9:56 | Build | Blacksmith |
| 10:15 | Research | Double-Bit Axe |
| 10:39 | Create | Villager (Male) |
| 10:54 | Build | Archery Range |
| 11:05 | Build | House |
| 11:14 | Create | Villager (Male) |
| 11:29 | Build | Palisade Wall |
| 11:35 | Create | Villager (Male) |
| 11:36 | Build | Farm |
| 11:44 | Build | House |
| 11:48 | Create | Villager (Male) |
| 12:04 | Create | Spearman |
| 12:09 | Build | Farm |
| 12:29 | Build | Farm |
| 12:32 | Create | Skirmisher |
| 12:32 | Create | Skirmisher |
| 12:57 | Build | Palisade Wall |
| 13:00 | Build | Farm |
| 13:01 | Create | Villager (Male) |
| 13:01 | Create | Villager (Male) |
| 13:16 | Create | Skirmisher |
| 13:20 | Research | Padded Archer Armor |
| 13:28 | Create | Spearman |
| 13:35 | Build | House |
| 14:03 | Create | Skirmisher |
| 14:19 | Create | Villager (Male) |
| 14:20 | Create | Villager (Male) |
| 14:20 | Create | Villager (Male) |
| 14:27 | Build | Farm |
| 14:27 | Build | Farm |
| 14:28 | Build | Farm |
| 14:28 | Build | Farm |
| 14:28 | Build | Farm |
| 14:28 | Build | Farm |
| 14:40 | Create | Villager (Male) |
| 14:52 | Build | House |
| 14:54 | Build | House |
| 14:59 | Create | Skirmisher |
| 14:59 | Create | Skirmisher |
| 15:19 | Create | Skirmisher |
| 15:30 | Build | Mill |
| 15:58 | Research | Fletching |
| 16:34 | Build | Farm |
| 16:34 | Build | Farm |
| 16:34 | Build | Farm |
| 16:34 | Build | Farm |
| 16:35 | Build | Farm |
| 16:38 | Create | Villager (Male) |
| 16:39 | Create | Villager (Male) |
| 16:39 | Create | Villager (Male) |
| 17:06 | Build | Farm |
| 17:08 | Build | Farm |
| 17:09 | Create | Villager (Male) |
| 17:10 | Create | Villager (Male) |
| 17:27 | Build | House |
| 17:40 | Build | Farm |
| 18:01 | Build | Farm |
| 18:13 | Create | Villager (Male) |
| 18:23 | Build | Mining Camp |
| 18:28 | Create | Villager (Male) |
| 19:00 | Research | Horse Collar |
| 19:16 | Build | Market |
| 19:18 | Create | Villager (Male) |
| 19:35 | Create | Villager (Male) |
| 20:14 | Research | Gold Mining |
| 20:37 | Build | Farm |
| 20:38 | Create | Villager (Male) |
| 20:44 | Build | Farm |
| 20:44 | Build | Farm |
| 20:50 | Build | Farm |
| 21:03 | Create | Villager (Male) |
| 21:40 | Research | Castle Age |
| 21:43 | Build | Farm |
| 21:50 | Build | Farm |
| 22:02 | Research | Scale Mail Armor |
| 22:02 | Research | Forging |
| 22:07 | Research | Man-at-Arms (upgrade) |
| 22:20 | Build | Barracks |
| 22:26 | Build | Barracks |
| 22:29 | Create | Villager (Male) |
| 22:30 | Create | Villager (Male) |
| 22:48 | Create | Militia |
| 22:48 | Create | Militia |
| 23:07 | Build | Lumber Camp |
| 23:21 | Research | Wheelbarrow |
| 23:47 | Build | Palisade Gate |
| 23:51 | Create | Villager (Male) |
| 23:57 | Create | Militia |
| 23:57 | Create | Militia |
| 24:05 | Create | Militia |
| 24:06 | Create | Militia |
| 24:17 | Build | Outpost |
| 24:20 | Age | Castle Age |
| 24:26 | Build | Town Center |
| 24:41 | Build | Mining Camp |
| 24:44 | Create | Villager (Male) |
| 24:52 | Build | House |
| 24:55 | Build | House |
| 25:27 | Build | Siege Workshop |
| 26:04 | Build | Town Center |
| 26:18 | Create | Scorpion |
| 26:19 | Create | Scorpion |
| 26:19 | Create | Scorpion |
| 26:19 | Create | Scorpion |
| 26:31 | Create | Villager (Male) |
| 26:31 | Create | Villager (Male) |
| 26:54 | Create | Scorpion |
| 27:05 | Build | Monastery |
| 27:08 | Create | Villager (Male) |
| 27:08 | Create | Villager (Male) |
| 27:09 | Create | Villager (Male) |
| 28:02 | Research | Chain Mail Armor |
| 28:04 | Research | Iron Casting |
| 28:13 | Create | Villager (Male) |
| 28:13 | Create | Villager (Male) |
| 28:15 | Create | Villager (Male) |
| 28:16 | Create | Villager (Male) |
| 28:16 | Create | Villager (Male) |
| 28:16 | Create | Villager (Male) |
| 28:25 | Create | Villager (Male) |
Match timeline
| 5:20 | rakz · wall_segment Palisade Wall x9 |
| 5:34 | rakz · wall_segment Palisade Wall x9 |
| 6:35 | rakz · wall_segment Palisade Wall x7 |
| 7:11 | rakz · wall_segment Palisade Wall x9 |
| 7:38 | hidalgo220 · first_building Barracks |
| 8:18 | Skulldragon1551 · first_building Barracks |
| 8:30 | rakz · wall_segment Palisade Wall x14 |
| 8:46 | hidalgo220 · first_building Archery Range |
| 8:55 | Fatal · first_building Barracks |
| 9:03 | Chaviux · first_building Barracks |
| 9:08 | Fatal · age_up feudal |
| 9:30 | Chaviux · age_up feudal |
| 9:33 | Skulldragon1551 · wall_segment Palisade Wall x8 |
| 9:37 | Fatal · first_building Stable |
| 9:52 | Skulldragon1551 · age_up feudal |
| 10:04 | Chaviux · first_building Stable |
| 10:13 | rakz · wall_segment Palisade Wall x7 |
| 10:20 | Doorbell · wall_segment Palisade Wall x2 |
| 10:40 | Doorbell · wall_segment Palisade Wall x10 |
| 10:54 | Skulldragon1551 · first_building Archery Range |
| 10:59 | Doorbell · wall_segment Palisade Wall x4 |
| 11:02 | rakz · wall_segment Palisade Wall x6 |
| 11:02 | Doorbell · wall_segment Palisade Wall x6 |
| 11:19 | Doorbell · wall_segment Palisade Wall x6 |
| 11:26 | rakz · wall_segment Palisade Wall x10 |
| 11:27 | Doorbell · age_up feudal |
| 11:29 | Skulldragon1551 · wall_segment Palisade Wall x5 |
| 12:09 | rakz · age_up feudal |
| 12:11 | Chaviux · wall_segment Palisade Wall x9 |
| 12:21 | Chaviux · wall_segment Palisade Wall x11 |
| 12:24 | Fatal · wall_segment Palisade Wall x1 |
| 12:38 | Doorbell · wall_segment Palisade Wall x1 |
| 12:54 | rakz · wall_segment Palisade Wall x9 |
| 12:57 | Skulldragon1551 · wall_segment Palisade Wall x14 |
| 13:22 | Doorbell · wall_segment Palisade Wall x1 |
| 13:23 | Fatal · wall_segment Palisade Wall x10 |
| 13:25 | Fatal · wall_segment Palisade Wall x3 |
| 13:26 | rakz · wall_segment Palisade Wall x9 |
| 13:54 | rakz · wall_segment Stone Wall x6 |
| 13:57 | Doorbell · wall_segment Palisade Wall x4 |
| 14:23 | Doorbell · wall_segment Palisade Wall x3 |
| 14:43 | Chaviux · wall_segment Palisade Wall x9 |
| 15:27 | rakz · wall_segment Stone Wall x7 |
| 15:35 | Fatal · wall_segment Palisade Wall x7 |
| 15:39 | rakz · first_building Barracks |
| 15:39 | Doorbell · wall_segment Palisade Wall x1 |
| 16:14 | Chaviux · wall_segment Palisade Wall x14 |
| 16:49 | Chaviux · wall_segment Palisade Wall x5 |
| 16:51 | Doorbell · age_up castle |
| 16:55 | Chaviux · wall_segment Palisade Wall x8 |
| 17:18 | hidalgo220 · wall_segment Palisade Wall x12 |
| 17:46 | Fatal · first_market_sell 100 wood |
| 17:53 | Doorbell · first_building Castle |
| 18:08 | hidalgo220 · wall_segment Palisade Wall x21 |
| 18:33 | Fatal · first_market_buy 100 food |
| 18:37 | hidalgo220 · wall_segment Palisade Wall x9 |
| 18:56 | hidalgo220 · wall_segment Palisade Wall x3 |
| 19:21 | hidalgo220 · wall_segment Palisade Wall x11 |
| 19:49 | rakz · age_up castle |
| 20:40 | Doorbell · wall_segment Palisade Wall x1 |
| 20:57 | hidalgo220 · wall_segment Palisade Wall x4 |
| 21:27 | Chaviux · wall_segment Palisade Wall x1 |
| 21:33 | Fatal · age_up castle |
| 21:58 | rakz · first_building Monastery |
| 22:12 | hidalgo220 · first_building Stable |
| 23:09 | Chaviux · first_market_buy 100 wood |
| 24:13 | hidalgo220 · wall_segment Palisade Wall x17 |
| 24:20 | Skulldragon1551 · age_up castle |
| 24:43 | rakz · first_building Siege Workshop |
| 25:19 | Chaviux · first_market_sell 100 food |
| 25:27 | Skulldragon1551 · first_building Siege Workshop |
| 27:01 | hidalgo220 · first_market_buy 100 stone |
| 27:05 | Skulldragon1551 · first_building Monastery |
| 27:07 | hidalgo220 · first_building Castle |
| 27:47 | Doorbell · first_building Barracks |
| 28:01 | Chaviux · age_up castle |
| 28:57 | Doorbell · first_building Stable |
| 30:33 | Fatal · first_building Castle |
| 32:35 | Skulldragon1551 · first_building Castle |
| 33:21 | rakz · wall_segment Stone Wall x3 |
| 34:36 | rakz · first_market_buy 100 stone |
| 34:47 | rakz · first_building Castle |
| 35:18 | rakz · age_up imperial |
| 35:51 | Chaviux · first_building Castle |
| 36:41 | rakz · first_building Archery Range |
| 38:11 | rakz · wall_segment Stone Wall x24 |
| 39:02 | hidalgo220 · wall_segment Stone Wall x17 |
| 39:57 | rakz · wall_segment Stone Wall x13 |
| 40:17 | hidalgo220 · first_market_sell 100 wood |
| 42:52 | Skulldragon1551 · age_up imperial |
| 43:15 | rakz · first_building Stable |
| 44:06 | rakz · wall_segment Stone Wall x16 |
| 45:21 | Doorbell · first_building Siege Workshop |
| 46:47 | Fatal · age_up imperial |
| 46:54 | Doorbell · age_up imperial |
| 48:45 | rakz · wall_segment Stone Wall x10 |
| 48:45 | Fatal · first_building Archery Range |
| 49:58 | Chaviux · wall_segment Stone Wall x9 |
| 50:59 | Chaviux · age_up imperial |
| 52:52 | rakz · wall_segment Stone Wall x21 |
| 53:21 | Doorbell · first_market_sell 100 wood |
| 54:51 | Chaviux · resign |
[ AI ANALYSIS · 1 CREDIT ]
What really happened in this match?
Wolo.gg analyzes every decision: build order, eco, micro, common mistakes by bracket. Personalized analysis on WhatsApp or Discord in 30 seconds.
Civ guide
Chinese
Map guide
Arabia
Perfil
rakz